 Dungeon Crawl Stone Soup version 0.19-a0-1608-g4cf22de (webtiles) character file.

2029 4thArraOfDagon the Slasher (level 9, -2/65 (66) HPs)
             Began as a Vampire Gladiator on Sept 17, 2016.
             Was an Elder of Dithmenos.
             Slain by a wyvern (15 damage)
             ... on level 8 of the Dungeon.
             The game lasted 00:10:46 (2715 turns).

4thArraOfDagon the Slasher (Vampire Gladiator)      Turns: 2715, Time: 00:10:46

HP:   -2/65 (66)    AC:  4    Str: 14    XL:     9   Next: 3%
MP:   0/12          EV: 15    Int: 11    God:    Dithmenos [****..]
Gold: 315           SH:  0    Dex: 17    Spells: 2 memorised, 6 levels left

rFire  . . .     SeeInvis +     G - +0 scimitar
rCold  . . .     Gourm    .     p - +0 leather armour
rNeg   . . .     Faith    .     (no shield)
rPois  +         Spirit   +     c - +0 helmet
rElec  .         Dismiss  .     (no cloak)
rCorr  +         Reflect  .     (no gloves)
MR     .....     Harm     .     (no boots)
Stlth  ++........               l - amulet of guardian spirit
                                B - ring of resist corrosion
                                o - ring of poison resistance

@: regenerating quickly, wreathed by umbra
A: fangs 3, see invisible, unbreathing
a: Shadow Step, Renounce Religion


You were on level 8 of the Dungeon.
You worshipped Dithmenos.
Dithmenos was greatly pleased with you.
You were very full.

You visited 1 branch of the dungeon, and saw 8 of its levels.
You also visited: Sewer and Ossuary.

You collected 315 gold pieces.

Inventory:

Hand Weapons
 a - a +0 long sword
 G - a +0 scimitar (weapon)
Missiles
 d - a throwing net (quivered)
Armour
 b - a +0 leather armour
 c - a +0 helmet (worn)
 p - a +0 leather armour (worn)
Jewellery
 l - an amulet of guardian spirit (around neck)
 o - a ring of poison resistance (left hand)
 y - an uncursed ring of see invisible
 A - a +4 ring of intelligence
 B - a ring of resist corrosion (right hand)
Wands
 r - a wand of random effects (20/48)
Scrolls
 f - 6 scrolls of identify {unknown}
 g - a scroll of noise {unknown}
 h - 2 scrolls of recharging {unknown}
 i - 8 scrolls of remove curse
 k - a scroll of blinking {unknown}
 m - a scroll of enchant armour {unknown}
 s - a scroll of amnesia {unknown}
 v - 2 scrolls of teleportation
 x - a scroll of magic mapping {unknown}
 C - a scroll of silence {unknown}
Potions
 e - 6 potions of blood
 j - 4 potions of brilliance {unknown}
 n - 2 potions of mutation {unknown}
 q - 3 potions of curing {unknown}
 t - a potion of agility {unknown}
 u - 5 potions of flight {unknown}
 w - 2 potions of magic {unknown}
 z - a potion of haste {unknown}
 D - a potion of ambrosia {unknown}
 E - a potion of berserk rage {unknown}
 F - 2 potions of lignification {unknown}


   Skills:
 + Level 4.5 Fighting
 * Level 7.5 Long Blades
 - Level 1.5 Throwing
 + Level 6.0 Dodging
 + Level 2.2 Spellcasting
 * Level 5.3 Hexes
 * Level 3.9 Charms
 * Level 3.2 Necromancy


You had 6 spell levels left.
You knew the following spells:

 Your Spells              Type           Power        Failure   Level  Hunger
a - Spectral Weapon       Hex/Chrm       ##......     17%         3    ####...
b - Regeneration          Chrm/Necr      #.........   28%         3    ####...


Dungeon Overview and Level Annotations

Branches:
Dungeon (8/15)             Temple (0/1) D:4
   Lair: D:8-11

Altars:
Dithmenos
Hepliaklqana
Xom

Shops:
D:5 }   D:6 }

Annotations:
D:5 Pikel
D:6 Grinder
D:8 Iwannabefree's ghost, novice DESu


Innate Abilities, Weirdness & Mutations

Your natural rate of healing is unusually fast.
You have razor-sharp teeth.
You have supernaturally acute eyesight. (SInv)
You can survive without breathing.


Message History

The wyvern is moderately wounded.
The wyvern bites you! The wyvern bites you!!
* * * LOW HITPOINT WARNING * * *
You are too injured to fight recklessly!
Unknown command.
Throwing (i - inventory):
d - 3 throwing nets (quivered)
Press: ? - help, Shift-Dir - straight line, f - wyvern
Aim: a wyvern (moderately wounded, umbra)
You throw a throwing net.
The throwing net barely misses the wyvern.
The wyvern closely misses you.
Unknown command.
Unknown command.
Throwing (i - inventory):
d - 2 throwing nets (quivered)
Press: ? - help, Shift-Dir - straight line, f/p - wyvern
Aim: a wyvern (moderately wounded, umbra)
You throw a throwing net.
The throwing net barely misses the wyvern.
The wyvern bites you!!
You die...

##################
###
..................
#..
..................
+..
..................
..
..#####.##@.###..
#+ #.##'##l.#
#####. #....#.....
%....)
#....#.......
......
#....#.........
......
#.†..#.(.......
......
#..########+###
.###.. ###..#####
##### #.....'..#
#....


You could see a wyvern.

Vanquished Creatures
  A water moccasin (D:8)
  2 ice beasts
  A black bear (D:8)
  A necrophage (D:5)
  A phantom (D:5)
  2 centaurs (D:6)
  2 big kobolds (Sewer)
  4 bullfrogs (D:7)
  2 scorpions
  A water moccasin skeleton (D:6)
  3 howler monkeys (D:7)
  A centaur zombie (Ossuary)
  2 crimson imps
  A hound (D:6)
  A quasit (D:8)
  A bullfrog skeleton (D:8)
  A jelly (D:7)
  2 human zombies (Ossuary)
  An orc wizard (D:6)
  2 iguanas (D:7)
  A worker ant (D:6)
  3 big kobold zombies (Ossuary)
  2 hound skeletons
  2 mummies (Ossuary)
  7 adders
  An adder skeleton (D:5)
  3 adder zombies (Ossuary)
  5 worms (Sewer)
  A dart slug (D:3)
  5 leopard geckos
  8 orcs
  2 giant cockroaches (D:3)
  2 goblins
  A hobgoblin (D:2)
  4 jackals (D:8)
  7 kobolds
  8 quokkas
  4 ball pythons
  4 bats
  4 frilled lizards
  8 hobgoblin zombies (Ossuary)
  A jackal skeleton (D:4)
  A jackal zombie (Ossuary)
  10 kobold zombies (Ossuary)
  A leopard gecko skeleton (D:6)
  2 leopard gecko zombies (D:6)
  9 orc zombies (Ossuary)
  A quokka zombie (D:7)
  7 rats
146 creatures vanquished.

Vanquished Creatures (others)
  5 dream sheep (D:3)
5 creatures vanquished.

Grand Total: 151 creatures vanquished

Notes
Turn   | Place    | Note
-------+----------+-------------------------------------------
     0 | D:1      | 4thArraOfDagon the Vampire Gladiator began the quest for the Orb.
     0 | D:1      | Reached XP level 1. HP: 16/16 MP: 1/1
    51 | D:2      | Found a shadowy altar of Dithmenos.
    73 | D:2      | Became a worshipper of Dithmenos the Shadowed
   100 | D:2      | Reached XP level 2. HP: 22/22 MP: 2/2
   359 | D:3      | Found a shimmering altar of Xom.
   361 | D:3      | Reached XP level 3. HP: 27/27 MP: 3/3
   381 | D:3      | Found a glowing drain.
   428 | Sewer    | Entered a sewer
   443 | Sewer    | Reached skill level 4 in Long Blades
   475 | Sewer    | Reached * piety under Dithmenos
   500 | Sewer    | Noticed a big kobold
   514 | Sewer    | Killed a big kobold
   514 | Sewer    | Reached XP level 4. HP: 16/34 MP: 4/4
   562 | Sewer    | Reached XP level 5. HP: 39/39 MP: 5/5
   594 | Sewer    | Reached skill level 5 in Long Blades
   741 | D:4      | Found a staircase to the Ecumenical Temple.
   840 | D:3      | Noticed a dream sheep
   840 | D:3      | Noticed a dream sheep
   840 | D:3      | Noticed a dream sheep
   840 | D:3      | Noticed a dream sheep
   840 | D:3      | Noticed a dream sheep
   840 | D:3      | Found a shimmering altar of Xom.
   844 | D:3      | Killed a dream sheep
   845 | D:3      | Killed a dream sheep
   845 | D:3      | Killed a dream sheep
   846 | D:3      | Killed a dream sheep
   847 | D:3      | Killed a dream sheep
   949 | D:4      | Reached XP level 6. HP: 37/47 MP: 4/6
  1046 | D:5      | Entered Level 5 of the Dungeon
  1101 | D:5      | Found Uraor's Gadget Shop.
  1163 | D:5      | Reached skill level 6 in Long Blades
  1183 | D:5      | Noticed an ice beast
  1192 | D:5      | Killed an ice beast
  1192 | D:5      | Reached skill level 5 in Dodging
  1192 | D:5      | Reached XP level 7. HP: 15/52 MP: 2/7
  1371 | D:6      | Found a hazy altar of Hepliaklqana.
  1395 | D:6      | Found Giunytax's Gadget Shop.
  1478 | D:6      | Learned a level 3 spell: Spectral Weapon
  1482 | D:6      | Learned a level 3 spell: Regeneration
  1510 | D:6      | Reached ** piety under Dithmenos
  1685 | D:6      | Reached skill level 1 in Hexes
  1721 | D:6      | Reached skill level 1 in Charms
  1721 | D:6      | Reached skill level 1 in Necromancy
  1774 | D:6      | Noticed Grinder
  1900 | D:7      | Reached XP level 8. HP: 26/59 MP: 5/9
  1934 | D:7      | Reached skill level 1 in Spellcasting
  1940 | D:7      | jacquesderrida: Reeee
  2075 | D:7      | Reached skill level 7 in Long Blades
  2135 | D:6      | Reached *** piety under Dithmenos
  2165 | D:5      | Noticed Pikel
  2262 | D:8      | Noticed Iwannabefree's ghost (novice DESu)
  2273 | D:8      | Found a sand-covered staircase.
  2282 | Ossuary  | Entered an ossuary
  2496 | Ossuary  | Reached **** piety under Dithmenos
  2583 | D:8      | Reached skill level 5 in Hexes
  2651 | D:8      | Reached XP level 9. HP: 51/65 MP: 12/12
  2715 | D:8      | Slain by a wyvern

Vault maps used:
D:1:      dpeg_chamrin_arrival_tetris
D:2:      serial_bayou, serial_bayou_pond_e, serial_bayou_pond_e,
          serial_bayou_ford_a, serial_bayou_shore_b, first_bread,
          nicolae_dithmenos_shadow_blocks
D:3:      xom_butterflies, portal_sewer_entry_b, serial_park_tiny_pond,
          minmay_misc_feat_ornament, kb_xom_exploding_sheep
D:4:      kennysheep_little_box, uniq_eustachio
D:5:      serial_shops, shop, uniq_pikel
D:6:      overflow_temple_1_default, serial_shops, nicolae_shop_statue_plus,
          uniq_grinder
D:8:      enter_ossuary_1, grunt_ogre_cave
Sewer:    sewer_co_15_rooms
Ossuary:  ossuary_tomb_1

Skill      XL: |  1  2  3  4  5  6  7  8 |
---------------+-------------------------+-----
Fighting       | 2 3 4 |  4.5
Long Blades    | 4 5 6 7 |  7.5
Dodging        | 4 5 6 |  6.0
Hexes          | 2 5 |  5.3
Charms         | 2 3 |  3.9
Necromancy     | 1 3 |  3.2
Spellcasting   | 2 |  2.2
Throwing       | |  1.5

Action                   |  1- 3 |  4- 6 |  7- 9 || total
-------------------------+-------+-------+-------++-------
Melee: Long sword        |   123 |   149 |   463 ||   735
       Bite              |    14 |    18 |    51 ||    83
       Scimitar          |       |       |    10 ||    10
Throw: Throwing net      |       |     1 |     2 ||     3
  Use: Potion            |       |       |     6 ||     6
       Scroll            |       |       |     3 ||     3
 Stab: Sleeping          |       |       |     3 ||     3
  Eat: Corpse            |     8 |     3 |     6 ||    17
Armor: Leather armour    |    26 |    22 |    48 ||    96
Dodge: Dodged            |    67 |    88 |   325 ||   480
